 Dungeon Crawl Stone Soup version 0.22.1-1-ga44c0e5 (webtiles) character file.

315992 dvd the Omniscient (level 21, -9/149 HPs)
             Began as a Gnoll Skald on Oct 3, 2018.
             Was the Champion of Ashenzari.
             Killed from afar by a deep elf sorcerer (33 damage)
             ... with damnation
             ... on level 3 of the Elven Halls on Oct 4, 2018.
             The game lasted 03:37:18 (42642 turns).

dvd the Omniscient (Gnoll Skald)                   Turns: 42642, Time: 03:37:18

Health: -9/149     AC: 31    Str: 22    XL:     21   Next: 39%
Magic:  34/39      EV: 24    Int: 22    God:    Ashenzari [******]
Gold:   1144       SH: 20    Dex: 21    Spells: 10/48 levels left

rFire    + . .     SeeInvis +   R - +8 mace of Xom's Delight {venom, rElec Str+5 Dex+3} (curse)
rCold    + + .     Gourm    +   l - +5 shield {reflect} (curse)
rNeg     . . .     Faith    .   S - +3 chain mail of the Hunter {MR+} (curse)
rPois    +         Spirit   .   E - +2 helmet (curse)
rElec    +         Reflect  +   v - scarf {rC+ rF+} (curse)
rCorr    .         Harm     .   Z - +2 pair of gloves (curse)
MR       ++...     Clarity  +   X - +2 pair of boots (curse)
Stlth    +++.......             m - amulet of the gourmand
HPRegen  1.34/turn              F - ring of poison resistance
MPRegen  0.26/turn              C - ring of Xeoggar {rC+ EV+3 Int+3} (curse)

@: lethally poisoned (-9 -> -9), very slightly contaminated, regenerating,
drained
A: distributed training, fangs 1, repulsion field 1, icy blue scales 1, frail 1,
no potion heal 1, strong nose
}: 2/15 runes: serpentine, barnacled
a: Curse Item, Scrying, Renounce Religion


You were on level 3 of the Elven Halls.
You worshipped Ashenzari.
Ashenzari was exalted by your worship.
You were completely stuffed.

You visited 7 branches of the dungeon, and saw 35 of its levels.
You visited the Abyss 1 time.
You visited 1 bazaar.
You also visited: Bailey and Ice Cave.

You collected 4104 gold pieces.
You spent 2960 gold pieces at shops.

Inventory:

Hand Weapons
 y - a +6 whip of electrocution
 R - the cursed +8 mace of Xom's Delight (weapon) {venom, rElec Str+5 Dex+3}
   (You bought it in a shop on level 15 of the Dungeon)

   It poisons the flesh of those it strikes.
   It affects your strength (+5).
   It affects your dexterity (+3).
   It insulates you from electricity.
   It has a curse placed upon it.
Missiles
 L - 29 javelins (quivered)
 N - 38 tomahawks
 V - 3 steel tomahawks
Armour
 k - a +0 pair of boots of flying
 l - a cursed +5 shield of reflection (worn)
 v - a cursed scarf of resistance (worn)
 E - a cursed +2 helmet (worn)
 S - the cursed +3 chain mail of the Hunter (worn) {MR+}
   (You found it on level 2 of the Snake Pit)

   It affects your resistance to hostile enchantments.
   It has a curse placed upon it.
 X - a cursed +2 pair of boots (worn)
 Y - the +4 large shield of the Vestibule of Hell {rCorr Str+2}
   (You took it off a deep elf sorcerer on level 3 of the Elven Halls)

   It affects your strength (+2).
   It provides partial protection from all sources of acid and corrosion.
 Z - a cursed +2 pair of gloves (worn)
Jewellery
 m - an amulet of the gourmand (around neck)
 u - the ring of Day {rElec rN+ Int+4 Stlth+}
   (You bought it in a shop in a bazaar)

   [ring of stealth]

   It affects your intelligence (+4).
   It insulates you from electricity.
   It protects you from negative energy.
   It makes you more stealthy.
 C - the cursed ring of Xeoggar (right hand) {rC+ EV+3 Int+3}
   (You bought it in a shop in a bazaar)

   [ring of evasion]

   It affects your evasion (+3).
   It affects your intelligence (+3).
   It protects you from cold.
   It has a curse placed upon it.
 F - a ring of poison resistance (left hand)
Wands
 a - a wand of enslavement (65)
 o - a wand of acid (18)
 t - a wand of disintegration (24)
 B - a wand of digging (33)
 G - a wand of paralysis (24)
 H - a wand of iceblast (9)
 K - a wand of flame (15)
Scrolls
 c - a scroll of blinking
 e - 27 scrolls of identify
 i - 6 scrolls of magic mapping
 j - 2 scrolls of enchant armour
 q - 5 scrolls of teleportation
 x - a scroll of fear
 z - 4 scrolls of summoning
 A - 2 scrolls of enchant weapon
 M - 3 scrolls of amnesia
 P - 8 scrolls of remove curse
 T - a scroll of fog
 U - 3 scrolls of silence
Potions
 b - 3 potions of invisibility
 f - 2 potions of might
 g - 4 potions of flight
 h - a potion of cancellation
 n - 11 potions of curing
 p - 8 potions of lignification
 r - 7 potions of heal wounds
 s - 4 potions of berserk rage
 D - a potion of mutation
 J - a potion of ambrosia
 O - 7 potions of agility
 W - 3 potions of haste
Miscellaneous
 I - a crystal ball of energy
Comestibles
 d - 55 rations
 w - a chunk of flesh


   Skills:
 + Level 14.3(14.0) Fighting
 + Level 14.3(14.0) Short Blades
 + Level 13.7(13.4) Long Blades
 + Level 13.7(13.4) Axes
 + Level 13.7(17.4) Maces & Flails
 + Level 13.7(13.4) Polearms
 + Level 13.7(13.4) Staves
 + Level 13.7(13.4) Slings
 + Level 13.7(13.4) Bows
 + Level 13.7(13.4) Crossbows
 + Level 13.7(13.4) Throwing
 + Level 13.9(18.9) Armour
 + Level 14.3(14.0) Dodging
 + Level 13.7(13.4) Stealth
 + Level 13.7(16.0) Shields
 + Level 13.7(13.4) Unarmed Combat
 + Level 14.4(14.1) Spellcasting
 + Level 11.8(11.5) Conjurations
 + Level 11.8(11.5) Hexes
 + Level 12.8(12.5) Charms
 + Level 11.8(11.5) Summonings
 + Level 11.8(11.5) Necromancy
 + Level 11.8(11.5) Translocations
 + Level 11.8(11.5) Transmutations
 + Level 11.8(11.5) Fire Magic
 + Level 11.8(11.5) Ice Magic
 + Level 11.8(11.5) Air Magic
 + Level 11.8(11.5) Earth Magic
 + Level 11.8(11.5) Poison Magic
 + Level 14.8(14.4) Invocations
 + Level 13.7(13.4) Evocations


You had 10 spell levels left.
You knew the following spells:

 Your Spells              Type           Power        Failure   Level  Hunger
b - Shroud of Golubria    Chrm/Tloc      ######....   1%          2    None
c - Song of Slaying       Chrm           ######..     1%          2    None
d - Regeneration          Chrm/Necr      ######....   1%          3    None
e - Spectral Weapon       Hex/Chrm       ######..     1%          3    None
f - Dazzling Spray        Conj/Hex       ######       1%          3    None
g - Force Lance           Conj/Tloc      ######..     1%          4    None
h - Lightning Bolt        Conj/Air       ######....   3%          5    ###....
i - Airstrike             Air            ######....   1%          4    None
j - Lee's Rapid Deconstr  Erth           ######....   3%          5    ###....
k - Sublimation of Blood  Necr           ######....   1%          2    None
l - Irradiate             Conj/Tmut      ######....   3%          5    ###....

Your spell library contained the following spells:

 Spells                   Type           Power        Failure   Level  Hunger
 Apportation              Tloc           ######       1%          1    None
 Beastly Appendage        Tmut           ######       1%          1    None
 Infusion                 Chrm           ####         1%          1    None
 Magic Dart               Conj           ####         1%          1    None
 Shock                    Conj/Air       ####         1%          1    None
 Summon Butterflies       Summ           ######..     1%          1    None
 Passwall                 Tmut/Erth      ######..     1%          2    None
 Poisonous Vapours        Pois/Air       ######       1%          2    None
 Searing Ray              Conj           ######       1%          2    None
 Sticks to Snakes         Tmut           ######..     1%          2    None
 Swiftness                Chrm/Air       ######..     1%          2    None
 Conjure Flame            Conj/Fire      ######..     1%          3    None
 Gell's Gravitas          Tloc           ######....   1%          3    None
 Ignite Poison            Fire/Tmut/Pois ######..     1%          3    None
 Lesser Beckoning         Tloc           ######....   1%          3    None
 Mephitic Cloud           Conj/Pois/Air  ######..     1%          3    None
 Portal Projectile        Hex/Tloc       ######       1%          3    None
 Spider Form              Tmut/Pois      ######....   1%          3    None
 Static Discharge         Conj/Air       ######..     1%          3    None
 Tukima's Dance           Hex            ######..     1%          3    None
 Fulminant Prism          Conj/Hex       ######....   1%          4    None
 Ice Form                 Ice/Tmut       ######..     1%          4    None
 Iskenderun's Mystic Bla  Conj           ######..     1%          4    None
 Passage of Golubria      Tloc           N/A          1%          4    None
 Petrify                  Tmut/Erth      ######..     1%          4    None
 Alistair's Intoxication  Tmut/Pois      ######..     3%          5    ###....
 Blade Hands              Tmut           ######....   3%          5    ###....
 Darkness                 Hex            ######....   21%         6    #####..
 Dispersal                Tloc           ######....   21%         6    #####..
 Freezing Cloud           Conj/Ice/Air   ######....   21%         6    #####..
 Invisibility             Hex            ######..     21%         6    #####..
 Ring of Flames           Chrm/Fire      ######....   67%         7    ######.
 Controlled Blink         Tloc           N/A          100%        8    #######
 Disjunction              Tloc           ######....   100%        8    #######


Dungeon Overview and Level Annotations

Branches:
Dungeon (15/15)            Temple (1/1) D:5            Lair (6/6) D:8
 Shoals (4/4) Lair:4        Snake (4/4) Lair:4        Slime (0/5) Lair:6
    Orc (2/2) D:12            Elf (3/3) Orc:2        Vaults (0/5) D:13
 Depths (0/5) D:15

Altars:
Ashenzari
Cheibriados
Dithmenos
Elyvilon
Fedhas
Gozag
Hepliaklqana
Kikubaaqudgha
Makhleb
Nemelex Xobeh
Okawaru
Qazlal
Ru
Sif Muna
Trog
Uskayaw
Vehumet
Wu Jian
Xom
Yredelemnul
Zin
The Shining One
Beogh
Jiyva

Shops:
D:8 (   D:11 *   D:15 (   Orc:2 ([*:   Elf:1 %   Snake:3 (

Portals:
Trove: D:10 (show abyssal rune of Zot)

Annotations:
D:13 1 runed door, Alter's ghost, journeyman MiFi
Snake:4 1 runed door, Anon1729's ghost, adept NaGl
Elf:3 3 runed doors, bmj180's ghost, adept MiFi


Innate Abilities, Weirdness & Mutations

Your experience applies equally to all skills.
You have very sharp teeth.
Your uncanny sense of smell can sniff out nearby items.
You are surrounded by a mild repulsion field. (EV +2)
You are partially covered in icy blue scales. (AC +2)
You are frail. (-10% HP)
Potions are less effective at restoring your health.


Message History

* * * LOW HITPOINT WARNING * * *
The deep elf sorcerer casts a spell at you.
The bolt of acid hits you!
* * * LOW HITPOINT WARNING * * *
You are splashed with acid!
The acid burns!
* * * LOW HITPOINT WARNING * * *
Unknown command.
Your system partially rejects the healing.
You feel much better.
You block the deep elf sorcerer's attack.
The deep elf high priest invokes the aid of its god against you.
Something smites you!
* * * LOW HITPOINT WARNING * * *
Unknown command.
Blink to where?
Press: ? - help, Dir - move target cursor, p - deep elf sorcerer
As you read the scroll of blinking, it crumbles to dust.
The deep elf sorcerer gestures at you while chanting.
The sphere of damnation explodes!
The damnation engulfs you!
You die...

#.# #..# #..#......##
#.# #..# #..#...).##
#.# ##''####''##...##
#.# ##....##......###
##.# ##...).........#
...###...)..........#
.....'..............#
#....'......#.......#
#.####.....###..@...#
#.# ##...## ##.....#
#.# ###.# ###''## #.#
#.# #..# #.# #.# #..#
#.# #.. #..# #.# * *
#..###### #.### * *
#e......# ....#
#)####..#


You could see a deep elf sorcerer.

Vanquished Creatures
  A profane servitor (Abyss:4)
  3 deep elf blademasters (Elf:3)
  A deep elf master archer (Elf:3)
  Kirke (D:13)
  A tentacled starspawn (Abyss:4)
  3 frost giants
  8 nagarajas
  5 deep elf sorcerers
  A cacodemon (Abyss:4)
  A deep elf elementalist (Elf:3)
  An orc warlord (Orc:2)
  Louise (Snake:1)
  2 entropy weavers
  A stone giant (Shoals:1)
  4 deep elf demonologists
  7 deep elf annihilators
  3 deep elf death magi (Elf:3)
  2 merfolk javelineers (Shoals:4)
  Josephine (Lair:4)
  6 merfolk impalers
  2 deep elf high priests (Elf:3)
  An ettin (Orc:2)
  A fire dragon (D:15)
  16 naga warriors
  10 hydras
  5 merfolk aquamancers (Shoals:4)
  Erica (Lair:2)
  2 merfolk avatars
  18 anacondas
  5 centaur warriors (D:14)
  2 satyrs (Shoals:4)
  26 dancing weapons
  14 death yaks
  A catoblepas (Lair:6)
  A death knight (D:15)
  8 two-headed ogres
  An alligator snapping turtle (Shoals:2)
  A deep troll shaman (Lair:6)
  A queen ant (Lair:6)
  An ogre mage (D:15)
  Urug (Lair:2)
  3 orc high priests
  2 naga sharpshooters (Snake:4)
  A shock serpent (shapeshifter) (Elf:2)
  2 hell knights (Abyss:4)
  5 large abominations (Abyss:4)
  11 shock serpents
  21 deep elf knights
  10 salamander mystics
  A wretched star (Abyss:4)
  7 skeletal warriors
  8 sea snakes
  10 naga ritualists
  2 unseen horrors
  2 wizards
  9 deep elf archers
  7 orc sorcerers
  5 lindwurms
  A wolf spider zombie (D:15)
  Pikel (D:5)
  12 harpies
  21 mana vipers
  56 deep elf magi
  12 fauns
  7 orc knights
  An ugly thing (D:12)
  2 oklob plants (Shoals:2)
  2 worldbinders (Abyss:4)
  5 cyclopes
  14 salamanders
  9 manticores
  19 elephants
  11 merfolk sirens
  29 naga magi
  45 black mambas
  A smoke demon (Abyss:4)
  An apocalypse crab (Elf:1)
  Psyche (D:11)
  13 spiny frogs
  4 water nymphs
  A guardian serpent (shapeshifter) (D:14)
  8 guardian serpents
  2 orange demons (Abyss:4)
  4 rime drakes
  3 gargoyles
  2 efreet
  8 komodo dragons
  4 yaktaurs (D:15)
  A freezing wraith (D:15)
  An ancient zyme (Abyss:4)
  A yaktaur (shapeshifter) (D:14)
  A queen bee (D:15)
  3 meliai (D:15)
  15 merfolk
  5 trolls
  5 wind drakes
  12 polar bears
  4 slime creatures (D:14)
  Prince Ribbit (Lair:2)
  8 snapping turtles
  28 dream sheep
  7 blink frogs
  13 hippogriffs
  A ynoxinul (Abyss:4)
  A vampire (D:14)
  A shadow (D:11)
  Sigmund (D:6)
  46 yaks
  7 wraiths
  5 air elementals
  9 water elementals
  7 hogs (D:13)
  A redback (shapeshifter) (Elf:3)
  4 basilisks
  2 wyverns
  2 fire elementals
  6 vampire mosquitoes
  3 hungry ghosts
  A chaos spawn (Abyss:4)
  3 wargs (Orc:2)
  18 soldier ants
  41 nagas
  Menkaure (D:4)
  16 water moccasins
  6 porcupines
  36 orc warriors
  2 eyes of draining (D:14)
  A slave (D:5)
  10 ice beasts
  4 black bears
  6 sky beasts
  2 boggarts (Elf:1)
  2 phantoms (D:7)
  18 wolves
  20 centaurs
  11 crocodiles
  12 ogres
  4 big kobolds (D:8)
  3 earth elementals
  21 bullfrogs
  3 scorpions
  34 killer bees
  22 wights
  6 howler monkeys
  2 centaur zombies
  A small abomination (Abyss:4)
  A starcursed mass (Abyss:4)
  6 crimson imps
  3 quasits
  A bullfrog zombie (D:7)
  6 centaur skeletons
  8 jellies
  19 orc priests
  11 hounds
  3 bullfrog skeletons
  An iron imp (Abyss:4)
  3 iguanas
  27 worker ants
  27 orc wizards
  2 killer bee zombies (D:7)
  15 gnolls
  12 adders
  4 shadow imps
  2 oozes
  2 adder skeletons
  3 worms
  3 dart slugs
  9 leopard geckos
  111 orcs
  4 bats
  3 giant cockroaches
  12 goblins
  4 hobgoblins
  18 jackals
  2 quokkas
  5 frilled lizards
  13 kobolds
  A leopard gecko zombie (D:2)
  10 rats
  4 crawling corpses (Elf:3)
  3 plants (Shoals:4)
1441 creatures vanquished.

Vanquished Creatures (collateral kills)
  4 orcs (Bailey)
4 creatures vanquished.

Vanquished Creatures (others)
  A nagaraja (Snake:4)
  A merfolk javelineer (Shoals:4)
  A satyr (Shoals:4)
  A naga sharpshooter (Snake:4)
  A deep elf knight (Elf:1)
  An unseen horror (D:10)
  2 deep elf archers
  A deep elf mage (Elf:2)
  A manticore (Shoals:2)
  A merfolk siren (Shoals:4)
  A guardian serpent (Snake:4)
  4 cyclopes (Shoals:1)
  3 polar bears (IceCv)
  A fire elemental (Elf:1)
  A naga (Snake:3)
  An orc warrior (Bailey)
  2 wolves (IceCv)
  6 centaurs
  A killer bee (D:12)
  An orc wizard (Orc:2)
  An orc (Orc:2)
  A quokka (D:6)
  A crawling corpse (Elf:3)
  12 fungi
  26 plants
  34 spectral weapons
  2 starspawn tentacles (Abyss:4)
109 creatures vanquished.

Grand Total: 1554 creatures vanquished

Notes
Turn   | Place    | Note
-------+----------+-------------------------------------------
     0 | D:1      | dvd the Gnoll Skald began the quest for the Orb.
     0 | D:1      | Reached XP level 1. HP: 20/20 MP: 6/6
   145 | D:1      | Reached XP level 2. HP: 8/26 MP: 7/7
   427 | D:1      | Learned a level 2 spell: Shroud of Golubria
   430 | D:1      | Learned a level 2 spell: Song of Slaying
   807 | D:1      | Reached skill level 5 in Spellcasting
   807 | D:1      | Reached XP level 3. HP: 20/31 MP: 7/9
  1353 | D:2      | Reached skill level 1 in Invocations
  1432 | D:2      | Reached skill level 1 in Long Blades
  1432 | D:2      | Reached skill level 1 in Axes
  1432 | D:2      | Reached skill level 1 in Maces & Flails
  1432 | D:2      | Reached skill level 1 in Polearms
  1432 | D:2      | Reached skill level 1 in Staves
  1432 | D:2      | Reached skill level 1 in Slings
  1432 | D:2      | Reached skill level 1 in Bows
  1432 | D:2      | Reached skill level 1 in Crossbows
  1432 | D:2      | Reached skill level 1 in Throwing
  1432 | D:2      | Reached skill level 1 in Stealth
  1432 | D:2      | Reached skill level 1 in Shields
  1432 | D:2      | Reached skill level 1 in Unarmed Combat
  1432 | D:2      | Reached skill level 1 in Evocations
  1456 | D:2      | Reached XP level 4. HP: 25/38 MP: 11/11
  1886 | D:2      | Found a faded altar of an unknown god.
  2196 | D:3      | Learned a level 3 spell: Regeneration
  2510 | D:3      | Reached skill level 1 in Conjurations
  2510 | D:3      | Reached skill level 1 in Hexes
  2510 | D:3      | Reached skill level 1 in Summonings
  2510 | D:3      | Reached skill level 1 in Necromancy
  2510 | D:3      | Reached skill level 1 in Translocations
  2510 | D:3      | Reached skill level 1 in Transmutations
  2510 | D:3      | Reached skill level 1 in Fire Magic
  2510 | D:3      | Reached skill level 1 in Ice Magic
  2510 | D:3      | Reached skill level 1 in Air Magic
  2510 | D:3      | Reached skill level 1 in Earth Magic
  2510 | D:3      | Reached skill level 1 in Poison Magic
  2777 | D:3      | Reached XP level 5. HP: 39/43 MP: 9/12
  3136 | D:4      | Found a sparkling altar of Nemelex Xobeh.
  3387 | D:4      | Noticed Menkaure
  3393 | D:4      | Killed Menkaure
  3393 | D:4      | Reached skill level 5 in Fighting
  3393 | D:4      | Reached skill level 5 in Short Blades
  3393 | D:4      | Reached skill level 5 in Dodging
  3393 | D:4      | Reached XP level 6. HP: 51/51 MP: 8/14
  3706 | D:5      | Entered Level 5 of the Dungeon
  3757 | D:4      | Reached XP level 7. HP: 54/56 MP: 15/15
  4325 | D:5      | Reached XP level 8. HP: 34/63 MP: 9/16
  4542 | D:5      | Learned a level 3 spell: Spectral Weapon
  4583 | D:5      | Found a staircase to the Ecumenical Temple.
  4600 | Temple   | Entered the Ecumenical Temple
  4609 | Temple   | Became a worshipper of Ashenzari the Shackled
  4950 | D:5      | Noticed Pikel
  4996 | D:5      | Killed Pikel
  5354 | D:6      | Reached XP level 9. HP: 55/69 MP: 18/18
  5424 | D:6      | Noticed Sigmund
  5451 | D:6      | Killed Sigmund
  5710 | D:6      | Found a white marble altar of Elyvilon.
  5771 | D:6      | Found a shimmering altar of Xom.
  5971 | D:6      | Reached * piety under Ashenzari
  6525 | D:7      | Reached skill level 5 in Armour
  6933 | D:7      | Reached skill level 5 in Invocations
  7101 | D:7      | Reached XP level 10. HP: 73/77 MP: 20/20
  7160 | D:8      | Found a staircase to the Lair.
  7295 | D:8      | Found Qoatir's Weapon Emporium.
  7428 | D:8      | Noticed a two-headed ogre
  7579 | D:8      | Killed a two-headed ogre
  7579 | D:8      | Reached skill level 5 in Long Blades
  7579 | D:8      | Reached skill level 5 in Axes
  7579 | D:8      | Reached skill level 5 in Maces & Flails
  7579 | D:8      | Reached skill level 5 in Polearms
  7579 | D:8      | Reached skill level 5 in Staves
  7579 | D:8      | Reached skill level 5 in Slings
  7579 | D:8      | Reached skill level 5 in Bows
  7579 | D:8      | Reached skill level 5 in Crossbows
  7579 | D:8      | Reached skill level 5 in Throwing
  7579 | D:8      | Reached skill level 5 in Stealth
  7579 | D:8      | Reached skill level 5 in Shields
  7579 | D:8      | Reached skill level 5 in Unarmed Combat
  7579 | D:8      | Reached skill level 5 in Evocations
  7699 | D:8      | Found a sacrificial altar of Ru.
  7997 | D:8      | Reached ** piety under Ashenzari
  8481 | D:8      | Gained mutation: You are weak. (Str -2) [potion of
                  | mutation]
  8481 | D:8      | Gained mutation: You are partially covered in icy blue
                  | scales. (AC +2) [potion of mutation]
  8613 | D:8      | Found a deep blue altar of Sif Muna.
  8669 | D:8      | Noticed a two-headed hydra
  8677 | D:8      | Killed a two-headed hydra
  8848 | D:9      | Reached XP level 11. HP: 81/84 MP: 18/22
 10095 | D:10     | Entered Level 10 of the Dungeon
 10096 | D:10     | Found a flagged portal.
 10128 | Bailey   | Entered a bailey
 10138 | Bailey   | Reached skill level 5 in Conjurations
 10138 | Bailey   | Reached skill level 5 in Hexes
 10138 | Bailey   | Reached skill level 5 in Summonings
 10138 | Bailey   | Reached skill level 5 in Necromancy
 10138 | Bailey   | Reached skill level 5 in Translocations
 10138 | Bailey   | Reached skill level 5 in Transmutations
 10138 | Bailey   | Reached skill level 5 in Fire Magic
 10138 | Bailey   | Reached skill level 5 in Ice Magic
 10138 | Bailey   | Reached skill level 5 in Air Magic
 10138 | Bailey   | Reached skill level 5 in Earth Magic
 10138 | Bailey   | Reached skill level 5 in Poison Magic
 10479 | Bailey   | Noticed an orc knight
 10510 | Bailey   | Killed an orc knight
 10510 | Bailey   | Noticed an orc knight
 10515 | Bailey   | Killed an orc knight
 10518 | Bailey   | Noticed an orc knight
 10528 | Bailey   | Killed an orc knight
 10713 | Bailey   | Noticed an orc knight
 10724 | Bailey   | Killed an orc knight
 10857 | D:10     | Reached *** piety under Ashenzari
 10938 | D:10     | Found a portal to a secret trove of treasure.
 11002 | D:10     | Noticed a two-headed ogre
 11033 | D:10     | Killed a two-headed ogre
 11239 | D:10     | Noticed an unseen horror
 11257 | D:10     | Killed an unseen horror
 11269 | D:10     | Reached XP level 12. HP: 64/93 MP: 24/24
 11620 | D:10     | Identified a scroll of acquirement
 11624 | D:10     | Reached XP level 13. HP: 100/100 MP: 24/26
 11705 | Lair:1   | Entered Level 1 of the Lair of Beasts
 11840 | Lair:1   | Found a frozen archway.
 11953 | IceCv    | Entered an ice cave
 12461 | IceCv    | Noticed a frost giant
 12484 | IceCv    | Killed a frost giant
 13557 | Lair:2   | Noticed Prince Ribbit
 13563 | Lair:2   | Killed Prince Ribbit
 13679 | Lair:2   | Noticed Erica
 13683 | Lair:2   | Reached **** piety under Ashenzari
 13683 | Lair:2   | Noticed Urug
 13743 | Lair:2   | Killed Urug
 13749 | Lair:2   | Killed Erica
 14235 | Lair:2   | Reached XP level 14. HP: 109/109 MP: 25/27
 14692 | Lair:3   | Reached skill level 10 in Spellcasting
 15373 | Lair:4   | Reached skill level 10 in Fighting
 15373 | Lair:4   | Reached skill level 10 in Short Blades
 15373 | Lair:4   | Reached skill level 10 in Dodging
 15708 | Lair:4   | Learned a level 3 spell: Dazzling Spray
 15713 | Lair:4   | Learned a level 4 spell: Force Lance
 15769 | Lair:4   | Found a staircase to the Snake Pit.
 15917 | Lair:4   | Found a staircase to the Shoals.
 16089 | Lair:4   | Got the uncursed leather armour of the Cooper {*Contam rF+
                  | Int+4}
 16090 | Lair:4   | Identified the +1 leather armour of the Cooper {*Contam rF+
                  | Int+4} (You found it on level 4 of the Lair of Beasts)
 16245 | Lair:5   | Reached ***** piety under Ashenzari
 16851 | Lair:5   | Reached skill level 10 in Invocations
 17111 | Lair:6   | Entered Level 6 of the Lair of Beasts
 17326 | Lair:6   | Reached XP level 15. HP: 99/117 MP: 6/29
 17745 | Lair:6   | Found a viscous altar of Jiyva.
 17984 | Lair:6   | Reached skill level 10 in Armour
 18688 | Lair:6   | Found a staircase to the Slime Pits.
 18963 | Lair:6   | Reached skill level 10 in Charms
 19130 | Lair:6   | Identified the cursed +0 buckler of Responsibility {+Blink}
 19133 | Lair:6   | Reached skill level 10 in Long Blades
 19133 | Lair:6   | Reached skill level 10 in Axes
 19133 | Lair:6   | Reached skill level 10 in Maces & Flails
 19133 | Lair:6   | Reached skill level 10 in Polearms
 19133 | Lair:6   | Reached skill level 10 in Staves
 19133 | Lair:6   | Reached skill level 10 in Slings
 19133 | Lair:6   | Reached skill level 10 in Bows
 19133 | Lair:6   | Reached skill level 10 in Crossbows
 19133 | Lair:6   | Reached skill level 10 in Throwing
 19133 | Lair:6   | Reached skill level 10 in Stealth
 19133 | Lair:6   | Reached skill level 10 in Shields
 19133 | Lair:6   | Reached skill level 10 in Unarmed Combat
 19133 | Lair:6   | Reached skill level 10 in Evocations
 19595 | D:11     | Found Akesh's General Store.
 19635 | D:11     | Found a white marble altar of Elyvilon.
 20002 | D:11     | Noticed Psyche
 20008 | D:11     | Killed Psyche
 20264 | D:12     | Found a flickering gateway to a bazaar.
 20287 | Bazaar   | Entered a bazaar
 20301 | Bazaar   | Found Moasaonom's Jewellery Emporium.
 20323 | Bazaar   | Found Hyeloa's Weapon Shoppe.
 20323 | Bazaar   | Found Deom Jelypp's General Store.
 20344 | Bazaar   | Found Ohyel's Food Emporium.
 20393 | Bazaar   | Bought the ring of Day {rElec rN+ Int+4 Stlth+} for 396
                  | gold pieces
 20412 | Bazaar   | Bought the ring of Xeoggar {rC+ EV+3 Int+3} for 826 gold
                  | pieces
 20427 | Bazaar   | Bought 2 potions of mutation for 144 gold pieces
 20427 | Bazaar   | Bought a scroll of remove curse for 27 gold pieces
 20862 | D:12     | Found a staircase to the Orcish Mines.
 21036 | Orc:1    | Entered Level 1 of the Orcish Mines
 21480 | Orc:2    | Entered Level 2 of the Orcish Mines
 21480 | Orc:2    | Reached ****** piety under Ashenzari
 21503 | Orc:2    | Found a staircase to the Elven Halls.
 21589 | Orc:2    | Found a roughly hewn altar of Beogh.
 21592 | Orc:2    | Noticed an orc warlord
 21633 | Orc:2    | Killed an orc warlord
 21633 | Orc:2    | Reached XP level 16. HP: 92/125 MP: 19/31
 21658 | Orc:2    | Found Mimaops's General Store.
 21667 | Orc:2    | Found Rouwkoikk's Book Shoppe.
 21706 | Orc:2    | Paralysed by an orc sorcerer for 6 turns
 21769 | Orc:2    | Found Lipyc's Antique Weapon Shoppe.
 21786 | Orc:2    | Found Xaderchu's Antique Armour Shoppe.
 21793 | Orc:2    | Bought a warped ring mail for 216 gold pieces
 21803 | Orc:2    | Identified the +4 ring mail of Resonance {Dex+2} (You
                  | bought it in a shop on level 2 of the Orcish Mines)
 21806 | Orc:2    | Bought an agate-encrusted ring mail for 216 gold pieces
 21807 | Orc:2    | Identified the +1 ring mail of Imnag {*Corrode +Blink
                  | rElec} (You bought it in a shop on level 2 of the Orcish
                  | Mines)
 21814 | Orc:2    | Bought a shiny scale mail for 168 gold pieces
 21884 | Orc:2    | Paralysed by an orc sorcerer for 2 turns
 22585 | Orc:2    | Learned a level 5 spell: Lightning Bolt
 22624 | Orc:2    | Learned a level 4 spell: Airstrike
 22987 | D:13     | Found a gate to the Vaults.
 23197 | D:13     | Found a runed door.
 23197 | D:13     | Found a shimmering altar of Xom.
 23197 | D:13     | Noticed Alter's ghost (journeyman MiFi)
 23468 | D:13     | Noticed Kirke
 23862 | D:13     | Killed Kirke
 25021 | D:15     | Entered Level 15 of the Dungeon
 25528 | D:15     | Found Veheotuf's Weapon Shoppe.
 25720 | D:15     | Reached XP level 17. HP: 128/133 MP: 27/32
 25756 | D:15     | Found a staircase to the Depths.
 26269 | Snake:1  | Entered Level 1 of the Snake Pit
 26301 | Snake:1  | Noticed Louise
 26314 | Snake:1  | Noticed Josephine
 26501 | Lair:4   | Killed Josephine
 26992 | Snake:1  | Learned a level 5 spell: Lee's Rapid Deconstruction
 27127 | Snake:1  | Killed Louise
 27880 | Snake:2  | Identified the +3 chain mail of the Hunter {MR+}
 28330 | Snake:2  | Found a shadowy altar of Dithmenos.
 29300 | D:15     | Bought the +8 mace of Xom's Delight {venom, rElec Str+5
                  | Dex+3} for 967 gold pieces
 29779 | Snake:3  | Reached XP level 18. HP: 132/141 MP: 9/34
 29792 | Snake:3  | Reached skill level 10 in Conjurations
 29792 | Snake:3  | Reached skill level 10 in Hexes
 29792 | Snake:3  | Reached skill level 10 in Summonings
 29792 | Snake:3  | Reached skill level 10 in Necromancy
 29792 | Snake:3  | Reached skill level 10 in Translocations
 29792 | Snake:3  | Reached skill level 10 in Transmutations
 29792 | Snake:3  | Reached skill level 10 in Fire Magic
 29792 | Snake:3  | Reached skill level 10 in Ice Magic
 29792 | Snake:3  | Reached skill level 10 in Air Magic
 29792 | Snake:3  | Reached skill level 10 in Earth Magic
 29792 | Snake:3  | Reached skill level 10 in Poison Magic
 30004 | Snake:3  | Found Joschaw's Weapon Shoppe.
 30902 | Snake:4  | Entered Level 4 of the Snake Pit
 31094 | Snake:4  | Found a runed door.
 31094 | Snake:4  | Noticed Anon1729's ghost (adept NaGl)
 31168 | Snake:4  | Learned a level 2 spell: Sublimation of Blood
 31180 | Snake:4  | Learned a level 5 spell: Irradiate
 32877 | Snake:4  | Reached XP level 19. HP: 149/149 MP: 22/36
 33106 | Snake:4  | Got a serpentine rune of Zot
 33407 | Shoals:1 | Entered Level 1 of the Shoals
 35655 | Shoals:3 | Identified the cursed +0 robe of Tasedeu {SInv}
 35942 | Shoals:4 | Entered Level 4 of the Shoals
 37149 | Shoals:4 | Got a barnacled rune of Zot
 38141 | Elf:1    | Entered Level 1 of the Elven Halls
 38151 | Elf:1    | Reached XP level 20. HP: 157/157 MP: 37/37
 38164 | Elf:1    | Found a radiant altar of Vehumet.
 38317 | Elf:1    | Cast into level 3 of the Abyss (a deep elf demonologist)
 38342 | Abyss:4  | Found a corrupted altar of Lugonu.
 38357 | Abyss:4  | Found an opulent altar of Gozag.
 38378 | Abyss:4  | Found a corrupted altar of Lugonu.
 38411 | Abyss:4  | Gained mutation: Potions are less effective at restoring
                  | your health. [a cacodemon]
 38424 | Abyss:4  | Gained mutation: You are frail. (-10% HP) [a cacodemon]
 38425 | Abyss:4  | Gained mutation: You are clumsy. (Dex -2) [a cacodemon]
 38539 | Abyss:4  | Found a corrupted altar of Lugonu.
 38554 | Abyss:4  | Noticed a profane servitor
 38584 | Abyss:4  | Killed a profane servitor
 38757 | Abyss:4  | Found a corrupted altar of Lugonu.
 38775 | Elf:1    | Escaped the Abyss
 38845 | Elf:1    | Lost mutation: You are weak. (Str -2) [potion of mutation]
 38845 | Elf:1    | Lost mutation: You are clumsy. (Dex -2) [potion of
                  | mutation]
 38845 | Elf:1    | Gained mutation: You are surrounded by a mild repulsion
                  | field. (EV +2) [potion of mutation]
 39080 | Elf:1    | Found Rahiobot's Food Shoppe.
 40035 | Elf:2    | Found a runed gate.
 40199 | Elf:2    | Found a deep blue altar of Sif Muna.
 40302 | Elf:2    | Found a runed gate.
 40304 | Elf:2    | Found a runed gate.
 41222 | Elf:3    | Entered Level 3 of the Elven Halls
 41524 | Elf:3    | Found a runed gate.
 41524 | Elf:3    | Noticed bmj180's ghost (adept MiFi)
 41525 | Elf:3    | Found a runed gate.
 41525 | Elf:3    | Found a runed gate.
 41664 | Elf:3    | Reached XP level 21. HP: 148/148 MP: 34/39
 42337 | Elf:3    | Identified the +4 large shield of the Vestibule of Hell
                  | {rCorr Str+2} (You took it off a deep elf sorcerer on level
                  | 3 of the Elven Halls)
 42642 | Elf:3    | Killed from afar by a deep elf sorcerer

Skill      XL: |  1  2  3  4  5  6  7  8  9 10 11 12 13 14 15 16 17 18 19 20 |
---------------+-------------------------------------------------------------+-----
Spellcasting   | 5 6 7 8 9 10 11 12 13 14 | 14.4
Invocations    | 1 2 3 4 5 6 7 8 9 10 11 12 13 14 | 14.8
Long Blades    | 1 2 3 4 5 6 7 8 9 10 11 12 13 | 13.7
Axes           | 1 2 3 4 5 6 7 8 9 10 11 12 13 | 13.7
Maces & Flails | 1 2 3 4 5 6 7 8 9 10 11 12 13 | 13.7
Polearms       | 1 2 3 4 5 6 7 8 9 10 11 12 13 | 13.7
Staves         | 1 2 3 4 5 6 7 8 9 10 11 12 13 | 13.7
Slings         | 1 2 3 4 5 6 7 8 9 10 11 12 13 | 13.7
Bows           | 1 2 3 4 5 6 7 8 9 10 11 12 13 | 13.7
Crossbows      | 1 2 3 4 5 6 7 8 9 10 11 12 13 | 13.7
Throwing       | 1 2 3 4 5 6 7 8 9 10 11 12 13 | 13.7
Stealth        | 1 2 3 4 5 6 7 8 9 10 11 12 13 | 13.7
Shields        | 1 2 3 4 5 6 7 8 9 10 11 12 13 | 13.7
Unarmed Combat | 1 2 3 4 5 6 7 8 9 10 11 12 13 | 13.7
Evocations     | 1 2 3 4 5 6 7 8 9 10 11 12 13 | 13.7
Conjurations   | 1 2 3 4 5 6 7 8 9 10 11 | 11.8
Hexes          | 1 2 3 4 5 6 7 8 9 10 11 | 11.8
Summonings     | 1 2 3 4 5 6 7 8 9 10 11 | 11.8
Necromancy     | 1 2 3 4 5 6 7 8 9 10 11 | 11.8
Translocations | 1 2 3 4 5 6 7 8 9 10 11 | 11.8
Transmutations | 1 2 3 4 5 6 7 8 9 10 11 | 11.8
Fire Magic     | 1 2 3 4 5 6 7 8 9 10 11 | 11.8
Ice Magic      | 1 2 3 4 5 6 7 8 9 10 11 | 11.8
Air Magic      | 1 2 3 4 5 6 7 8 9 10 11 | 11.8
Earth Magic    | 1 2 3 4 5 6 7 8 9 10 11 | 11.8
Poison Magic   | 1 2 3 4 5 6 7 8 9 10 11 | 11.8
Armour         | 3 4 5 6 7 8 9 10 11 12 13 | 13.9
Fighting       | 5 6 7 8 9 10 11 12 13 14 | 14.3
Short Blades   | 5 6 7 8 9 10 11 12 13 14 | 14.3
Dodging        | 5 6 7 8 9 10 11 12 13 14 | 14.3
Charms         | 6 7 8 9 10 11 12 | 12.8

Action                   |  1- 3 |  4- 6 |  7- 9 | 10-12 | 13-15 | 16-18 | 19-21 || total
-------------------------+-------+-------+-------+-------+-------+-------+-------++-------
Melee: Short sword       |   162 |   116 |       |       |       |       |       ||   278
       Bite              |    11 |    15 |    46 |    83 |   235 |   285 |   227 ||   902
       Whip              |       |    76 |   398 |   702 |  1627 |  1384 |       ||  4187
       Unarmed           |       |       |       |       |       |    11 |       ||    11
       Mace              |       |       |       |       |       |   643 |  1275 ||  1918
Throw: Tomahawk          |       |       |     6 |     2 |    30 |    22 |    41 ||   101
       Javelin           |       |       |       |       |       |       |   153 ||   153
 Cast: Shroud of Golubri |     2 |     3 |    24 |    34 |    58 |    34 |    13 ||   168
       Song of Slaying   |       |     3 |     3 |    16 |    36 |    51 |    15 ||   124
       Infusion          |       |     3 |     6 |     2 |     4 |       |       ||    15
       Regeneration      |       |       |     8 |    17 |    45 |    61 |    64 ||   195
       Spectral Weapon   |       |       |     1 |    12 |    48 |    32 |    10 ||   103
       Dazzling Spray    |       |       |       |       |    15 |    15 |    12 ||    42
       Force Lance       |       |       |       |       |     6 |     3 |     7 ||    16
       Airstrike         |       |       |       |       |       |    44 |   129 ||   173
       Lightning Bolt    |       |       |       |       |       |    16 |    13 ||    29
       Lee's Rapid Decon |       |       |       |       |       |    24 |    27 ||    51
       Sublimation of Bl |       |       |       |       |       |     6 |    20 ||    26
       Irradiate         |       |       |       |       |       |     6 |    12 ||    18
Invok: Curse Item        |       |       |     2 |       |     4 |     5 |       ||    11
Evoke: Wand              |       |       |       |     4 |     3 |       |     5 ||    12
       Crystal ball of e |       |       |       |       |       |       |     1 ||     1
  Use: Potion            |       |     1 |       |     9 |     4 |     3 |    11 ||    28
       Scroll            |       |     1 |     1 |    20 |    11 |     7 |     7 ||    47
 Stab: Sleeping          |       |     1 |     4 |     1 |    13 |     9 |     3 ||    31
       Paralysed         |       |       |       |     4 |    13 |       |       ||    17
       Distracted        |       |       |       |     4 |     8 |    20 |     6 ||    38
       Invisible         |       |       |       |       |     4 |     4 |       ||     8
  Eat: Chunk             |     5 |    14 |    13 |    20 |    35 |    49 |    44 ||   180
Armor: Leather armour    |    23 |     1 |       |       |       |       |       ||    24
       Ring mail         |       |    68 |   101 |   123 |   219 |   181 |       ||   692
       Chain mail        |       |       |       |       |       |   163 |   300 ||   463
Dodge: Dodged            |    58 |    74 |   144 |   293 |   512 |   741 |   561 ||  2383
Block: Shield            |    35 |    90 |   199 |   441 |   888 |  1411 |  1129 ||  4193
       Reflection        |     1 |       |     9 |    15 |     7 |   103 |   126 ||   261
